 Dungeon Crawl Stone Soup version 0.19-a0-644-gd04d753 (webtiles) character file.

58 George the Chopper (level 4, -2/37 HPs)
             Began as a Hill Orc Gladiator on June 14, 2016.
             Killed by nerve-wracking pain
             ... invoked by a shadow imp
             ... summoned by Natasha
              (15 damage)
             ... on level 2 of the Dungeon.
             The game lasted 00:01:51 (1380 turns).

George the Chopper (Hill Orc Gladiator)             Turns: 1380, Time: 00:01:52

Health: -2/37      AC: 11    Str: 18    XL:     4   Next: 1%
Magic:  4/4        EV:  5    Int:  8    God:
Gold:   108        SH:  0    Dex: 11    Spells: 0 memorised, 3 levels left

rFire  . . .     SeeInvis .     a - +0 war axe
rCold  . . .     Gourm    .     h - +0 plate armour
rNeg   . . .     Faith    .     (no shield)
rPois  .         Spirit   .     c - +0 helmet
rElec  .         Dismiss  .     (no cloak)
rCorr  .         Reflect  .     (no gloves)
SustAt .         Harm     +     (no boots)
MR     .....                    t - amulet of harm
Stlth  ..........               (no ring)
                                (no ring)

@: not resistant to hostile enchantments, extremely unstealthy
A: no striking features
a: no special abilities


You were on level 2 of the Dungeon.
You were hungry.

You visited 1 branch of the dungeon, and saw 2 of its levels.

You collected 108 gold pieces.

Inventory:

Hand Weapons
 a - a +0 war axe (weapon)
Missiles
 d - 3 throwing nets (quivered)
Armour
 c - a +0 helmet (worn)
 h - a +0 plate armour (worn)
Jewellery
 t - an amulet of harm (around neck)
Scrolls
 g - a scroll of amnesia {unknown}
 i - 3 scrolls of identify {unknown}
 k - 2 scrolls of teleportation {unknown}
 m - a scroll of enchant weapon {unknown}
 n - a scroll of blinking {unknown}
 p - 2 scrolls of remove curse {unknown}
 q - a scroll of immolation {unknown}
 r - a scroll of fear {unknown}
 s - a scroll of noise {unknown}
 u - a scroll of recharging {unknown}
 v - a scroll of random uselessness {unknown}
Potions
 j - a potion of curing {unknown}
 o - a potion of heal wounds {unknown}
Comestibles
 f - a bread ration
 l - a beef jerky
 w - 4 fruits


   Skills:
 - Level 2.4 Fighting
 + Level 6.3 Axes
 - Level 1.7 Throwing
 - Level 2.4 Dodging


You had 3 spell levels left.
You didn't know any spells.

Dungeon Overview and Level Annotations

Branches:
Dungeon (2/15)

Altars:
Elyvilon
Yredelemnul

Annotations:
D:2 Natasha


Message History

You completely miss Natasha.
Natasha is lightly wounded.
Natasha claws you but does no damage.
You closely miss Natasha.
Natasha is lightly wounded.
Natasha claws you.
You closely miss Natasha.
Natasha is lightly wounded.
You hit the shadow imp.
The shadow imp is moderately wounded.
Natasha claws you.
The shadow imp hits you but does no damage.
You closely miss Natasha.
Natasha is lightly wounded.
You closely miss the shadow imp.
The shadow imp is moderately wounded.
Natasha claws you but does no damage. The shadow imp gestures at you.
Pain shoots through your body!
You die...

.....####..............#.....##.#
.....# #####.....####.#...#.##.#
#.##.# #..........#...:....#
#.##.# #.....######.#.#.####
.....# #.....# #.#)#..... #.####
#.....## #.#.#.#### .)# ###....#
#.....#### ..# #....# ###.(....#
.## ##########.@..#### ###(##<#
## #<.........h5....# #.##.# #
#.#####...#......# #.....
#.#####..........# ######
#.##..........#######
#.##.##.##...........
#.##.##.##....######.
#.......##.#### #.##.##.##.###


You could see Natasha and a shadow imp.

Vanquished Creatures
  Natasha (D:2)
  An ooze (D:1)
  2 worms (D:2)
  2 giant geckos (D:2)
  3 ball pythons
  A giant cockroach (D:2)
  2 goblins (D:2)
  4 hobgoblins (D:2)
  4 kobolds
  2 bats (D:1)
  2 rats
24 creatures vanquished.

Notes
Turn   | Place    | Note
--------------------------------------------------------------
     0 | D:1      | George the Hill Orc Gladiator began the quest for the Orb.
     0 | D:1      | Reached XP level 1. HP: 18/18 MP: 1/1
   294 | D:1      | Reached XP level 2. HP: 23/25 MP: 2/2
   790 | D:2      | Reached skill level 5 in Axes
   938 | D:2      | Found a white marble altar of Elyvilon.
   985 | D:2      | Reached XP level 3. HP: 30/30 MP: 3/3
  1053 | D:2      | Noticed Natasha
  1056 | D:2      | Killed Natasha
  1056 | D:2      | Reached skill level 6 in Axes
  1267 | D:2      | Found a basalt altar of Yredelemnul.
  1273 | D:2      | Reached XP level 4. HP: 36/37 MP: 4/4
  1366 | D:2      | Noticed Natasha
  1380 | D:2      | Killed from afar by a shadow imp

Vault maps used:
D:1:      roderic_crossed_star
D:2:      kennysheep_ying_yang, uniq_natasha

Skill      XL: |  1  2  3 |
---------------+----------+-----
Axes           | 5 6 |  6.3
Fighting       | |  2.4
Throwing       | |  1.7
Dodging        | |  2.4

Action                   |  1- 3 |  4- 6 || total
-------------------------+-------+-------++-------
Melee: War axe           |    75 |    11 ||    86
  Eat: Chunk             |     1 |       ||     1
Armor: Leather armour    |     7 |       ||     7
       Plate armour      |    56 |     7 ||    63
Dodge: Dodged            |    26 |       ||    26
